 Dungeon Crawl Stone Soup version 0.23.2-1-ga50397a (webtiles) character file.

Game seed: 346182152316944826

2 MalarOregon the Grave Robber (level 1, 0/14 HPs)
             Began as a Ghoul Necromancer on June 2, 2019.
             Slain by a jackal (1 damage)
             ... on level 1 of the Dungeon.
             The game lasted 00:00:22 (30 turns).

MalarOregon the Grave Robber (Ghoul Necromancer)      Turns: 30, Time: 00:00:23

Health: 0/14       AC:  2    Str: 11    XL:     1   Next: 30%
Magic:  0/2        EV: 12    Int: 10    God:
Gold:   0          SH:  0    Dex:  9    Spells: 2/3 levels left

rFire    . . .     SeeInvis .   (no weapon)
rCold    + . .     Gourm    .   (no shield)
rNeg     + + +     Faith    .   a - +0 robe
rPois    ∞         Spirit   .   (no helmet)
rElec    .         Reflect  .   (no cloak)
rCorr    .         Harm     .   (no gloves)
MR       .....                  (no boots)
Stlth    ++........             (no amulet)
HPRegen  0.00/turn              (no ring)
MPRegen  0.08/turn              (no ring)

@: rotting
A: rotting body, claws 1, carnivore, cold resistance 1, negative energy
resistance 3, inhibited regeneration, torment resistance, unbreathing
a: no special abilities


You were on level 1 of the Dungeon.
You were not hungry.

You visited 1 branch of the dungeon, and saw 1 of its levels.

Inventory:

Armour
 a - a +0 robe (worn)
Potions
 b - a potion of lignification {unknown}
Comestibles
 e - a ration {!d}


   Skills:
 + Level 0.0 Fighting
 + Level 1.8 Dodging
 + Level 2.2 Stealth
 + Level 0.1 Unarmed Combat
 + Level 1.8 Spellcasting
 + Level 4.0 Necromancy


You had 2 spell levels left.
You knew the following spells:

 Your Spells              Type           Power        Failure   Level  Hunger
a - Pain                  Necr           #...         6%          1    ##.....

Your spell library contained the following spells:

 Spells                   Type           Power        Failure   Level  Hunger
 Animate Skeleton         Necr           N/A          6%          1    ##.....
 Vampiric Draining        Necr           #.........   19%         3    ####...
 Regeneration             Chrm/Necr      #.........   38%         3    ####...
 Animate Dead             Necr           N/A          52%         4    #####..


Dungeon Overview and Level Annotations

Branches:
Dungeon (1/15)

Altars:


Innate Abilities, Weirdness & Mutations

Your body is rotting away.
You thrive on raw meat.
You are immune to poison.
You have sharp fingernails.
You are carnivorous and can eat meat at any time.
Your flesh is cold resistant. (rC+)
You are immune to negative energy. (rN+++)
You do not regenerate when monsters are visible.
You are immune to unholy pain and torment.
You can survive without breathing.


Message History

A jackal comes into view.
A jackal is nearby!
A jackal is nearby!
A jackal is nearby!
The jackal barks!
You hear a shout!
You hear a bark!
A hobgoblin comes into view. It is wielding a +0 club.
The jackal bites you but does no damage.
You completely miss the jackal. The jackal closely misses you.
A jackal comes into view.
The jackal barely misses you.
A rat comes into view.
You scratch the jackal but do no damage.
The jackal bites you.
A jackal comes into view.
The jackal barks!
You scratch the jackal. The jackal bites you.
A bat comes into view.
The jackal barely misses you. x2; The bat moves out of view.
You closely miss the jackal.
The rat twitches its whiskers.
The jackal barely misses you. The jackal bites you. x2
* * * LOW HITPOINT WARNING * * *
Aim: a jackal (chance to defeat MR: 73%)
The jackal writhes in agony.
You kill the jackal!
The jackal barely misses you. x2
The jackal bites you but does no damage.
Aim: a hobgoblin, wielding a +0 club (chance to defeat MR: 73%)
The hobgoblin struggles to resist.
The jackal bites you but does no damage.
The hobgoblin hits you but does no damage.
The jackal closely misses you. x2
You don't have enough magic to cast that spell.
You don't have enough magic to cast that spell.
You scratch the jackal.
The jackal bites you but does no damage. x2
The hobgoblin barely misses you.
You closely miss the jackal. The jackal bites you.
* * * LOW HITPOINT WARNING * * *
The jackal bites you but does no damage.
The hobgoblin closely misses you. The jackal barely misses you. x2
You completely miss the jackal. The jackal barely misses you.
The jackal misses you. The hobgoblin hits you with a +0 club.
* * * LOW HITPOINT WARNING * * *
You closely miss the jackal. The jackal misses you. The jackal bites you.
* * * LOW HITPOINT WARNING * * *
The hobgoblin hits you with a +0 club.
* * * LOW HITPOINT WARNING * * *
The jackal bites you.
You die...

. # . .#. #.#
#.# #r# #.### #
#g# .... #.##@#
..##
#..hh##...##
####.......#
#.##...##
######.##..###
#............#
#..#+##?.#.##.#
##.###.#$# .# .
+.><.+.#.#.§##


You could see 2 jackals, a hobgoblin and a rat.

Vanquished Creatures
  A jackal (D:1)
  A frilled lizard (D:1)
2 creatures vanquished.

Notes
Turn   | Place    | Note
-------+----------+-------------------------------------------
     0 | D:1      | MalarOregon the Ghoul Necromancer began the quest for the
                  | Orb.
     0 | D:1      | Reached XP level 1. HP: 14/14 MP: 2/2
    30 | D:1      | Slain by a jackal

Action                   || total
-------------------------++-------
Melee: Unarmed           ||     9
 Cast: Pain              ||     2
Armor: Robe              ||     7
Dodge: Dodged            ||    16
